 Dungeon Crawl Stone Soup version 0.27-a0-419-g7a85846853 (console) character file.

Game seed: 7957827380760882826

122 Garrluk the Grasshopper (level 5, 0/43 HPs)
             Began as a Gnoll Warper on Feb 26, 2021.
             Succumbed to a worker ant's poison
             ... on level 4 of the Dungeon.
             The game lasted 00:14:35 (2873 turns).

Garrluk the Grasshopper (Gnoll Warper)              Turns: 2873, Time: 00:14:36

Health: 0/43       AC:  4    Str:  7 (10) XL:     5   Next: 6%
Magic:  12/12      EV: 12    Int: 13 (14) God:
Gold:   33         SH:  0    Dex:  9 (11) Spells: 9/14 levels left

rFire    . . .     SeeInvis .   a - +0 short sword
rCold    + . .     Faith    .   (no shield)
rNeg     + . .     Spirit   .   e - +0 leather armour
rPois    .         Reflect  .   (no helmet)
rElec    .         Harm     .   p - +0 cloak
rCorr    .         Rampage  .   (no gloves)
Will     .....                  (no boots)
Stlth    +.........             (no amulet)
HPRegen  0.14/turn              f - ring of protection from cold
MPRegen  0.13/turn              j - ring of positive energy

@: lethally poisoned (0 -> -5)
A: distributed training, fangs 1, strong nose
a: no special abilities


You were on level 4 of the Dungeon.
You visited 1 branch of the dungeon, and saw 5 of its levels.

You collected 88 gold pieces.
You spent 55 gold pieces at shops.

Notes
Turn   | Place    | Note
-------+----------+-------------------------------------------
     0 | D:1      | Garrluk the Gnoll Warper began the quest for the Orb.
     0 | D:1      | Reached XP level 1. HP: 20/20 MP: 6/6
   125 | D:1      | Reached XP level 2. HP: 24/26 MP: 7/7
   718 | D:2      | Reached XP level 3. HP: 26/31 MP: 9/9
   735 | D:2      | Reached skill level 5 in Spellcasting
   743 | D:2      | Learned a level 2 spell: Blink
   763 | D:2      | Learned a level 3 spell: Teleport Other
   789 | D:2      | Reached skill level 1 in Invocations
   920 | D:2      | Reached skill level 1 in Short Blades
   920 | D:2      | Reached skill level 1 in Long Blades
   920 | D:2      | Reached skill level 1 in Axes
   920 | D:2      | Reached skill level 1 in Maces & Flails
   920 | D:2      | Reached skill level 1 in Polearms
   920 | D:2      | Reached skill level 1 in Staves
   920 | D:2      | Reached skill level 1 in Slings
   920 | D:2      | Reached skill level 1 in Bows
   920 | D:2      | Reached skill level 1 in Crossbows
   920 | D:2      | Reached skill level 1 in Stealth
   920 | D:2      | Reached skill level 1 in Shields
   920 | D:2      | Reached skill level 1 in Evocations
  1099 | D:2      | Reached XP level 4. HP: 32/38 MP: 11/11
  1312 | D:2      | HP: 1/38 [adder (1)]
  1671 | D:3      | Reached skill level 1 in Conjurations
  1671 | D:3      | Reached skill level 1 in Hexes
  1671 | D:3      | Reached skill level 1 in Summonings
  1671 | D:3      | Reached skill level 1 in Necromancy
  1671 | D:3      | Reached skill level 1 in Transmutations
  1671 | D:3      | Reached skill level 1 in Fire Magic
  1671 | D:3      | Reached skill level 1 in Ice Magic
  1671 | D:3      | Reached skill level 1 in Air Magic
  1671 | D:3      | Reached skill level 1 in Earth Magic
  1671 | D:3      | Reached skill level 1 in Poison Magic
  1678 | D:3      | Found a white marble altar of Elyvilon.
  1799 | D:3      | Noticed a phantom
  1808 | D:4      | Noticed Blork the orc
  1811 | D:5      | Entered Level 5 of the Dungeon
  1814 | D:5      | Noticed Menkaure
  2316 | D:4      | Noticed an ogre
  2329 | D:4      | Found Idaer's Assorted Antiques.
  2410 | D:4      | Bought a hunting sling for 33 gold pieces
  2510 | D:4      | Found Tysavun's Assorted Antiques.
  2519 | D:4      | Bought a fizzy puce potion for 22 gold pieces
  2658 | D:4      | Found Gaodycuj's Antique Weapon Shop.
  2715 | D:4      | Found Caurr's Antique Armour Shop.
  2802 | D:4      | Reached XP level 5. HP: 29/43 MP: 12/12
  2871 | D:4      | HP: 2/43 [worker ant (5)]
  2873 | D:4      | Succumbed to a worker ant's poison

Inventory:

Hand Weapons
 a - a +0 short sword (weapon)
   (You found it on level 1 of the Dungeon)
 b - a +0 hunting sling
   (You bought it in a shop on level 4 of the Dungeon)
Missiles
 d - 3 boomerangs of dispersal
 i - 35 bolts
 k - 3 boomerangs (quivered)
 l - 20 sling bullets
 n - 39 arrows
 r - 45 stones
Armour
 e - a +0 leather armour (worn)
 p - a +0 cloak (worn)
   (You found it on level 3 of the Dungeon)
Jewellery
 f - a ring of protection from cold (left hand)
   (You found it on level 1 of the Dungeon)
 j - a ring of positive energy (right hand)
   (You found it on level 2 of the Dungeon)
Scrolls
 c - a scroll of blinking
 g - a scroll of teleportation
 m - a scroll of fear
 o - a scroll of amnesia
Potions
 h - a potion of attraction
 q - a potion of might
 s - a potion of flight
 t - a potion of lignification

Table legend: (Time is in decaauts)
 A = Elapsed time spent in this place.
 B = Non-inter-level travel time spent in this place.
 C = Inter-level travel time spent in this place.
 D = Time resting spent in this place.
 E = Time spent auto-exploring this place.
 F = Levels seen in this place.
 G = Mean time per level.
                   A        B        C        D        E       F      G
               +--------+--------+--------+--------+--------+-----+--------+
         Total |   2893 |   2791 |    102 |    507 |      0 |   5 |  578.6 |
       Dungeon |   2893 |   2791 |    102 |    507 |      0 |   5 |  578.6 |
               +--------+--------+--------+--------+--------+-----+--------+

Top non-repeatable levels by time:
     D:2: 987 daAuts
     D:1: 922 daAuts
     D:4: 555 daAuts
     D:3: 420 daAuts
     D:5: 7 daAuts


   Skills:
 + Level 4.7 Fighting
 + Level 1.3 Short Blades
 + Level 1.3 Long Blades
 + Level 1.3 Axes
 + Level 1.3 Maces & Flails
 + Level 1.3 Polearms
 + Level 1.3 Staves
 + Level 1.3 Slings
 + Level 1.3 Bows
 + Level 1.3 Crossbows
 + Level 2.9 Throwing
 + Level 2.9 Armour
 + Level 4.7 Dodging
 + Level 1.3 Stealth
 + Level 1.3 Shields
 + Level 4.7 Unarmed Combat
 + Level 5.1 Spellcasting
 + Level 1.1 Conjurations
 + Level 1.1 Hexes
 + Level 1.1 Summonings
 + Level 1.1 Necromancy
 + Level 5.5 Translocations
 + Level 1.1 Transmutations
 + Level 1.1 Fire Magic
 + Level 1.1 Ice Magic
 + Level 1.1 Air Magic
 + Level 1.1 Earth Magic
 + Level 1.1 Poison Magic
 + Level 1.5 Invocations
 + Level 1.3 Evocations


You had 9 spell levels left.
You knew the following spells:

 Your Spells              Type           Power        Failure   Level
b - Blink                 Tloc           N/A          4%          2
c - Teleport Other        Tloc           17%          9%          3

Your spell library contained the following spells:

 Spells                   Type           Power        Failure   Level
 Gell's Gravitas          Tloc           8%           9%          3
 Lesser Beckoning         Tloc           8%           9%          3
 Manifold Assault         Tloc           17%          28%         4


Dungeon Overview and Level Annotations

Branches:
Dungeon (5/15)
 Temple: D:4-7

Altars:
Elyvilon

Shops:
D:4 ([**

Annotations:
D:3 Menkaure
D:4 Blork the orc


Innate Abilities, Weirdness & Mutations

Your experience applies equally to all skills.
You have very sharp teeth.
Your uncanny sense of smell can sniff out nearby items.


Message History

The worker ant barely misses you.
You hit the worker ant.
The worker ant is severely wounded.
The worker ant barely misses you. The worker ant bites you.
* * * LOW HITPOINT WARNING * * *
You hit the worker ant. Your punch misses the worker ant.
The worker ant is severely wounded.
The worker ant bites you.
* * * LOW HITPOINT WARNING * * *
You barely miss the worker ant.
The worker ant is severely wounded.
The worker ant closely misses you.
You hit the worker ant.
The worker ant is severely wounded.
The worker ant bites you.
* * * LOW HITPOINT WARNING * * *
You are lethally poisoned!
The worker ant poisons you!
You feel better. The worker ant barely misses you. The worker ant bites you.
* * * LOW HITPOINT WARNING * * *
You barely miss the worker ant.
The worker ant is severely wounded.
The worker ant barely misses you.
Your leather armour prevents you from hitting the worker ant.
The worker ant is severely wounded.
The worker ant bites you but does no damage.
You barely miss the worker ant.
You bite the worker ant, but do no damage.
The worker ant is severely wounded.
The worker ant bites you.
* * * LOW HITPOINT WARNING * * *
You are lethally poisoned!
The worker ant poisons you!
You hit the worker ant but do no damage.
The worker ant is severely wounded.
* * * LOW HITPOINT WARNING * * *
You feel sick. The worker ant misses you.
You hit the worker ant but do no damage.
The worker ant is severely wounded.
You die...

.# ...## ...
#.#....##. ...
#........ ....
#....... .... #..)..#
.... #.....# ..
#.B...## .. ##.@.#..#
....#. #...##..##
>...#. ###.####...#
......
#..####....##......#
###.................##
##..........# #....#
#.........## #....
#..........# ##...
#..........## #...
#...........## #...
##......#....####..


You could see a worker ant.

Table legend:
 A = Kills in this place as a percentage of kills in entire the game.
 B = Kills by you in this place as a percentage of kills by you in the entire game.
 C = Kills by friends in this place as a percentage of kills by friends in the entire game.
 D = Other kills in this place as a percentage of other kills in the entire game.
 E = Experience gained in this place as a percentage of experience gained in the entire game.
 F = Experience gained in this place divided by the number of levels of this place that you have seen.
                   A       B       C       D       E      F
               +-------+-------+-------+-------+-------+----------------------
         Total | 100.0 | 100.0 |   N/A |   N/A | 100.0 |  35.0
       Dungeon | 100.0 | 100.0 |   N/A |   N/A | 100.0 |  35.0
               +-------+-------+-------+-------+-------+----------------------

Vanquished Creatures
  Monster Symbol All 'B'
  2 giant cockroaches
2 creatures vanquished. All 'J' An ooze (D:1)
1 creature vanquished. All 'K' 3 kobolds
3 creatures vanquished. All 'P' 2 plants (D:4)
2 creatures vanquished. All 'S' 5 adders
5 creatures vanquished. All 'Z' A hound skeleton (D:4) A jackal skeleton (D:4)
2 creatures vanquished. All 'b' 8 bats
8 creatures vanquished. All 'g' 6 goblins 3 hobgoblins
9 creatures vanquished. All 'h' 4 jackals (D:2)
4 creatures vanquished. All 'l' 3 leopard geckos (D:3) 3 frilled lizards
6 creatures vanquished. All 'o' An orc (D:4)
1 creature vanquished. All 'r' A quokka (D:2) 8 rats
9 creatures vanquished. All 'w' A worm (D:3) A dart slug (D:2)
2 creatures vanquished.
54 creatures vanquished. Monster Nature Natural Monsters 5 adders An ooze (D:1) A worm (D:3) A dart slug (D:2) 3 leopard geckos (D:3) An orc (D:4) 8 bats 2 giant cockroaches 6 goblins 3 hobgoblins 4 jackals (D:2) A quokka (D:2) 3 frilled lizards 3 kobolds 8 rats
50 creatures vanquished. Undead Monsters A hound skeleton (D:4) A jackal skeleton (D:4)
2 creatures vanquished. Plants 2 plants (D:4)
2 creatures vanquished.
54 creatures vanquished. Ascending Order A hound skeleton (D:4) An ooze (D:1) A worm (D:3) A dart slug (D:2) An orc (D:4) A quokka (D:2) A jackal skeleton (D:4) 2 giant cockroaches 2 plants (D:4) 3 leopard geckos (D:3) 3 hobgoblins 3 kobolds 3 frilled lizards 4 jackals (D:2) 5 adders 6 goblins 8 bats 8 rats
54 creatures vanquished.

Action                   |  1- 3 |  4- 6 || total
-------------------------+-------+-------++-------
Melee: Short sword       |   151 |   129 ||   280
       Bite              |     8 |    12 ||    20
       Punch             |     4 |       ||     4
Throw: Stone             |     9 |     8 ||    17
       Boomerang         |     1 |     3 ||     4
  Use: Scroll            |       |     8 ||     8
       Potion            |       |     4 ||     4
 Stab: Sleeping          |     1 |     2 ||     3
Armor: Leather armour    |    36 |    16 ||    52
Dodge: Dodged            |   121 |    89 ||   210
